 Dungeon Crawl Stone Soup version 0.23.1-37-gaa34b87 (webtiles) character file.

Game seed: 10293205903642775506

131 Kairos the Chopper (level 5, -2/46 HPs)
             Began as a Hill Orc Fighter on Mar 23, 2019.
             Slain by an iron imp (6 damage)
             ... summoned by Natasha
             ... on level 2 of the Dungeon.
             The game lasted 00:01:38 (1115 turns).

Kairos the Chopper (Hill Orc Fighter)               Turns: 1115, Time: 00:01:39

Health: -2/46      AC:  7    Str: 20    XL:     5   Next: 14%
Magic:  5/5        EV:  7    Int:  8    God:
Gold:   67         SH:  9    Dex: 10    Spells: 4/4 levels left

rFire    . . .     SeeInvis .   a - +1 war axe
rCold    . . .     Gourm    .   c - +0 shield
rNeg     . . .     Faith    .   b - +0 scale mail
rPois    .         Spirit   .   (no helmet)
rElec    .         Reflect  .   (no cloak)
rCorr    .         Harm     .   (no gloves)
MR       .....                  (no boots)
Stlth    ..........             (no amulet)
HPRegen  0.15/turn              (no ring)
MPRegen  0.09/turn              (no ring)

@: slowed, very slow
A: no striking features
a: no special abilities


You were on level 2 of the Dungeon.
You were very hungry.

You visited 1 branch of the dungeon, and saw 2 of its levels.

You collected 67 gold pieces.

Inventory:

Hand Weapons
 a - a +1 war axe (weapon)
Missiles
 p - a throwing net (quivered)
Armour
 b - a +0 scale mail (worn)
 c - a +0 shield (worn)
Scrolls
 e - a scroll of teleportation {unknown}
 i - a scroll of noise
 k - a scroll of remove curse {unknown}
 l - a scroll of magic mapping {unknown}
 n - a scroll of enchant armour {unknown}
 o - a scroll of identify
Potions
 d - a potion of might
 g - a potion of resistance {unknown}
 h - 3 potions of curing
 j - a potion of invisibility {unknown}
 m - a potion of flight {unknown}
 q - a potion of heal wounds {unknown}
Comestibles
 f - 4 rations


   Skills:
 + Level 4.3 Fighting
 + Level 4.6 Axes
 + Level 3.9 Armour
 + Level 0.9 Dodging
 + Level 4.0 Shields


You had 4 spell levels left.
You didn't know any spells.
Your spell library was empty.

Dungeon Overview and Level Annotations

Branches:
Dungeon (2/15)

Altars:
Fedhas

Annotations:
D:2 1 runed translucent door, Crazy Yiuf, Natasha


Message History

You block the crimson imp's attack. The crimson imp hits you.
* * * LOW HITPOINT WARNING * * *
Natasha claws you.
* * * LOW HITPOINT WARNING * * *
The white imp hits you but does no damage.
The crimson imp hits you but does no damage.
You block the crimson imp's attack. You block Natasha's attack.
The crimson imp closely misses you.
The crimson imp blinks!
Natasha casts a spell.
You hit Natasha.
Natasha is moderately wounded.
You hit the iron imp. Natasha closely misses you.
The iron imp closely misses you.
The crimson imp blinks!
Natasha barely misses you.
You hit Natasha.
Natasha is severely wounded.
You hit the iron imp. Natasha barely misses you. The iron imp hits you.
You die...

.##
#.÷......####.[...#.........
÷)# ##.#...####
#.....#.........
.(###..#.#..#
#.....#.........
......##.##.###
##...######..####
.#######.##...# #..###
##....## ## #..###.###.##
##....... .#### ##..##.....#
#..#####. ....## ##..####..#
##..#...#. ###..##
##...##@5######..#([)#..
##..##
###.###h..>##....#...#.
##.(## #.§#..##.......#####.
##..# ##.5.###..####.......
##.# #...## #......^......
#.## #.#..####.##..##.>###
#.<####.##..(...........#
##.†.##.....###.##...#.##
###.....##........###.#


You could see an iron imp and Natasha.

Vanquished Creatures
  Natasha (D:2)
  2 adders (D:2)
  4 gnolls
  An ooze (D:2)
  A dart slug (D:1)
  2 worms (D:2)
  7 bats
  A giant cockroach (D:2)
  A goblin (D:1)
  2 hobgoblins
  10 kobolds
  A quokka (D:2)
  A ball python (D:1)
  4 frilled lizards
  6 rats
44 creatures vanquished.

Notes
Turn   | Place    | Note
-------+----------+-------------------------------------------
     0 | D:1      | Kairos the Hill Orc Fighter began the quest for the Orb.
     0 | D:1      | Reached XP level 1. HP: 19/19 MP: 1/1
   179 | D:1      | Reached XP level 2. HP: 25/27 MP: 2/2
   422 | D:1      | Reached XP level 3. HP: 29/33 MP: 3/3
   622 | D:2      | Noticed Natasha
   631 | D:2      | Killed Natasha
   631 | D:2      | Reached XP level 4. HP: 38/40 MP: 4/4
   691 | D:2      | Found a runed translucent door.
   692 | D:2      | Noticed Crazy Yiuf
   905 | D:2      | Reached XP level 5. HP: 30/46 MP: 5/5
  1034 | D:2      | Found a blossoming altar of Fedhas.
  1092 | D:2      | Noticed Natasha
  1115 | D:2      | Slain by an iron imp

Skill      XL: |  1  2  3  4 |
---------------+-------------+-----
Axes           | 3 4 |  4.6
Fighting       | 4 |  4.3
Shields        | 4 |  4.0
Armour         | |  3.9
Dodging        | |  0.9

Action                   |  1- 3 |  4- 6 || total
-------------------------+-------+-------++-------
Melee: War axe           |    62 |    80 ||   142
  Use: Scroll            |     4 |       ||     4
Armor: Scale mail        |    43 |    37 ||    80
Dodge: Dodged            |    25 |    25 ||    50
Block: Shield            |    39 |    56 ||    95
